AoeStats
← TigerGecko

Nomad

505066478Analyzed
4v4 RM · 24d ago on Sep 7, 2026· 34m 35s· 8 players
Game mode
Random Map
Map size
231×231
Population
200
Speed
Normal
Resources
Standard
Victory
Conquest
Starting age
Dark Age
Ending age
Imperial Age
RankedLock teamsTeams togetherTeam positionsShared explorationLock speedFull tech treeHidden civsTurbo modeCheats
Victory
Defeat
🇮🇱 Persians · Israel
1442
+14
🇵🇾 Ethiopians · Paraguay
1414
+15
🇦🇷 Mongols · Argentina
1405
+16
🇧🇴 Italians · Bolivia
1364
+17
🇫🇮 Vietnamese · Finland
1430
-17
1424
-16
🇩🇪 Franks · Germany
1372
-15
🇹🇷 Malay · Türkiye
1367
-14
Wavelogic
4:46 Loom
12:15 Feudal Age
13:29 Double-Bit Axe
13:50 Horse Collar
21:34 Scale Barding Armor
21:53 Gold Mining
24:19 Castle Age
22:56 Fishing Lines
25:11 Chain Barding Armor
25:11 Bow Saw
29:12 Bloodlines
30:26 Wheelbarrow
29:38 Town Watch
30:01 Fletching
30:25 Husbandry
31:06 Heavy Plow
31:46 Forging
32:36 Gold Shaft Mining
33:03 Stone Mining
34:02 Iron Casting
TanjiroK
5:18 Loom
13:39 Feudal Age
17:44 Castle Age
15:38 Double-Bit Axe
18:35 Fletching
18:52 Town Watch
19:12 Bodkin Arrow
19:48 Padded Archer Armor
23:32 Leather Archer Armor
27:11 Bloodlines
28:28 Ballistics
29:09 Wheelbarrow
29:29 Husbandry
31:29 Horse Collar
MXTS | RazMM
11:19 Loom
13:23 Feudal Age
15:57 Fishing Lines
16:53 Town Watch
18:03 Double-Bit Axe
19:05 Fletching
27:52 Castle Age
29:04 Bow Saw
30:39 Gillnets
DonNarko
5:27 Loom
13:23 Feudal Age
14:54 Wheelbarrow
14:05 Double-Bit Axe
19:09 Castle Age
17:27 Gold Mining
18:40 Fletching
19:43 Padded Archer Armor
19:33 Elite Skirmisher
23:16 Town Watch
23:46 Fishing Lines
26:44 Crossbowman
29:28 Bodkin Arrow
31:49 Bow Saw
32:06 Horse Collar
TigerGecko
10:16 Loom
16:10 Feudal Age
17:20 Double-Bit Axe
20:09 Castle Age
18:37 Fishing Lines
21:26 Bow Saw
23:49 Gillnets
23:54 Gold Mining
24:42 Wheelbarrow
23:53 Town Watch
26:26 Scale Mail Armor
30:39 Town Patrol
31:06 Chain Mail Armor
32:45 Gold Shaft Mining
32:19 Fletching
33:04 Bodkin Arrow
36:07 Imperial Age
34:18 Forging
34:12 Squires
34:29 Hand Cart
34:23 Stone Mining
35:21 Ballistics
35:39 Iron Casting
Yasuo, the Unforgiven
9:38 Loom
12:23 Feudal Age
12:09 Loom
12:49 Double-Bit Axe
17:26 Castle Age
16:59 Bloodlines
17:35 Gold Mining
20:36 Horse Collar
21:30 Scale Barding Armor
23:50 Sanctity
23:59 Husbandry
26:43 Wheelbarrow
27:36 Fishing Lines
28:45 Chain Barding Armor
29:32 Fletching
30:08 Bodkin Arrow
31:41 Padded Archer Armor
31:46 Elite Skirmisher
32:56 Heavy Plow
33:43 Ballistics
xpiAx
13:34 Feudal Age
16:07 Fletching
18:31 Castle Age
17:02 Double-Bit Axe
17:31 Fletching
17:48 Crossbowman
18:57 Bodkin Arrow
20:36 Padded Archer Armor
28:13 Bow Saw
31:47 Horse Collar
32:24 Pikeman
33:05 Squires
32:50 Arson
cro55b0w
4:11 Loom
17:07 Feudal Age
18:10 Fishing Lines
21:44 Double-Bit Axe
27:06 Castle Age
27:56 Town Watch
31:12 Town Watch
Connection lost

Rejoining the realm…

Still unreachable

The connection could not be restored.

Session expired

The server has moved on; the page needs a fresh start.